 Seeded DCSS version 0.29-a0-1043-g569b05d6ff (webtiles) character file.

Game seed: 173050984164073074 (custom seed)

7107 hikkokomori the Thaumaturge (level 11, -4/94 HPs)
             Began as a Meteoran Fire Elementalist on Aug 16, 2022.
             Was a Believer of Vehumet.
             Killed by divine providence
             ... invoked by an orc priest
              (11 damage)
             ... on level 8 of the Dungeon.
             The game lasted 00:43:24 (4764 turns).

hikkokomori the Thaumaturge (MeFE)                  Turns: 4764, Time: 00:43:24

Health: -4/94      AC: 24    Str: 22    XL:     11   Next: 56%
Magic:  2/24       EV: 10    Int: 26    God:    Vehumet [**....]
Gold:   495        SH:  5    Dex: 22    Spells: 13/27 levels left

rFire   + . .      SeeInvis +   F - +9 dagger "Puibboch" {vorpal, rF+ Int+2}
rCold   + + +      Faith    .   (no shield)
rNeg    . . .      Spirit   .   x - +8 chain mail "Oskomaong" {Fly rC++ Str+5 SInv}
rPois   +          Reflect  +   v - +2 helmet of the Lily {Contam Rampage Dex+3 SInv}
rElec   +          Harm     .   u - +1 cloak
rCorr   +          Rampage  +   (no gloves)
Will    ++...                   (no boots)
Stlth   ..........              k - amulet of Fuvuutof {Reflect rElec Will+ Dex+4 SH+5}
HPRegen 0.25/turn               i - ring of the Commoners {*Corrode Str+4 Int+6 Slay+3}
MPRegen 0.19/turn               d - ring "Lytenip" {rPois rC+ rCorr}

@: grasped by roots, flying, glowing, constricted
A: sense surroundings 2, otherworldly, glowing, explore regen
a: Renounce Religion


You were on level 8 of the Dungeon.
You worshipped Vehumet.
Vehumet was pleased with you.
You visited 2 branches of the dungeon, and saw 10 of its levels.

You collected 495 gold pieces.

Inventory:

Hand Weapons
 t - a +3 quarterstaff of chaos
 F - the +9 dagger "Puibboch" (weapon) {vorpal, rF+ Int+2}
   (You found it on level 6 of the Dungeon)

   It inflicts extra damage upon your enemies.
   Int:       It affects your intelligence (+2).
   rF:        It protects you from fire.
Missiles
 f - 4 javelins
 p - a curare-tipped dart
Armour
 n - a +2 leather armour of poison resistance
 u - a +1 cloak (worn)
 v - the +2 helmet of the Lily (worn) {Contam Rampage Dex+3 SInv}
   (You acquired it on level 4 of the Dungeon)

   Dex:       It affects your dexterity (+3).
   SInv:      It lets you see invisible.
   Contam:    It causes magical contamination when unequipped.
   Rampage:   It bestows one free step when moving towards enemies.
 x - the +8 chain mail "Oskomaong" (worn) {Fly rC++ Str+5 SInv}
   (You found it on level 5 of the Dungeon)

   Str:       It affects your strength (+5).
   rC:        It greatly protects you from cold.
   SInv:      It lets you see invisible.
   Fly:       It grants you flight.
 z - the +0 ring mail of Snakes and Ladders {Drain rN+++ Int+3}
   (You found it on level 5 of the Dungeon)

   Int:       It affects your intelligence (+3).
   rN:        It renders you almost immune to negative energy.
   Drain:     It drains your maximum health when unequipped.
 H - +0 steam dragon scales
Magical Staves
 j - a staff of fire
Jewellery
 d - the ring "Lytenip" (right hand) {rPois rC+ rCorr}
   (You took it off a centaur warrior on level 8 of the Dungeon)

   [ring of resist corrosion]

   rC:        It protects you from cold.
   rPois:     It protects you from poison.
   rCorr:     It protects you from acid and corrosion.
 i - the ring of the Commoners (left hand) {*Corrode Str+4 Int+6 Slay+3}
   (You took it off a kobold brigand on level 7 of the Dungeon)

   [ring of intelligence]

   Str:       It affects your strength (+4).
   Int:       It affects your intelligence (+6).
   Slay:      It affects your accuracy & damage with ranged weapons and melee
   (+3).
   *Corrode:  It may corrode you when you take damage.
 k - the amulet of Fuvuutof (around neck) {Reflect rElec Will+ Dex+4 SH+5}
   (You acquired it on level 2 of the Dungeon)

   [amulet of reflection]

   It reflects blocked missile attacks.
   Dex:       It affects your dexterity (+4).
   rElec:     It insulates you from electricity.
   SH:        It affects your SH (+5).
   Will:      It increases your willpower.
 A - a ring of ice
 C - a +6 ring of dexterity
 I - a ring of willpower
Wands
 s - a wand of flame (45)
Scrolls
 e - 2 scrolls of enchant weapon
 l - 7 scrolls of identify
 o - a scroll of immolation {unknown}
 r - 5 scrolls of enchant armour
 w - a scroll of butterflies
 y - 2 scrolls of vulnerability
Potions
 a - a potion of attraction {unknown}
 b - a potion of magic
 c - a potion of flight {unknown}
 g - a potion of haste
 h - 3 potions of curing
 m - 2 potions of mutation {unknown}
 q - a potion of invisibility {unknown}
 B - 3 potions of brilliance {unknown}
 G - a potion of ambrosia {unknown}


   Skills:
 + Level 7.9 Fighting
 + Level 7.1 Armour
 - Level 7.5 Dodging
 - Level 1.6 Stealth
 + Level 8.9 Spellcasting
 + Level 7.6 Conjurations
 - Level 4.1 Translocations
 - Level 8.2 Fire Magic
 + Level 4.2 Air Magic


You had 13 spell levels left.
You knew the following spells:

 Your Spells              Type           Power      Damage    Failure   Level
a - Foxfire               Conj/Fire      100%       2x1d9     1%          1
b - Scorch                Fire           100%       2d10      1%          2
c - Flame Wave            Conj/Fire      51%        2d13      14%         4
d - Sandblast             Erth           22%        2d7       36%         1
e - Passage of Golubria   Tloc           33%        N/A       54%         4
f - Static Discharge      Conj/Air       42%        3-9/arc   4%          2

Your spell library contained the following spells:

 Spells                   Type           Power      Damage    Failure   Level
 Dazzling Flash           Conj/Hex       62%        N/A       22%         3
 Conjure Flame            Conj/Fire      51%        6-21      4%          3
 Inner Flame              Hex/Fire       33%        N/A       21%         3
 Beastly Appendage        Tmut           22%        N/A       36%         1
 Portal Projectile        Hex/Tloc       44%        N/A       43%         3
 Wereblood                Tmut           11%        N/A       50%         2
 Lightning Bolt           Conj/Air       21%        1d36      65%         5
 Call Canine Familiar     Summ           11%        N/A       73%         3
 Spider Form              Tmut/Pois      11%        N/A       73%         3
 Leda's Liquefaction      Hex/Erth       5%         N/A       98%         4
 Silence                  Hex/Air        11%        N/A       99%         5
 Lehudib's Crystal Spear  Conj/Erth      15%        10d5      100%        8
 Maxwell's Capacitive Co  Air            16%        ∞         100%        8


Dungeon Overview and Level Annotations

Branches:
Dungeon (9/15) Zot: 602    Temple (1/1) D:4 Zot: 572     Orc (0/2) D:9
   Lair: D:8-11

Altars:
Ashenzari
Cheibriados
Dithmenos
Elyvilon
Fedhas
Hepliaklqana
Kikubaaqudgha
Okawaru
Qazlal
Sif Muna
Trog
Vehumet
Wu Jian
Xom
Zin
The Shining One

Shops:
D:3 =


Innate Abilities, Weirdness & Mutations

You passively map the area around you.
You are easily found by Zot.
You glow in the dark.
You regain HP and MP as you explore.


Message History

The centaur's fire resistance burns away.
The centaur shoots an arrow.
The arrow hits you.
* * * LOW HITPOINT WARNING * * *
Casting: Scorch (safe; 1% risk of failure)
Confirm with . or Enter, or press ? or * to list all spells.
Flames lash the centaur.
The centaur is burned terribly!
The centaur is heavily wounded.
The centaur shoots an arrow.
The arrow hits you but does no damage.
The centaur shoots an arrow.
The arrow hits you but does no damage.
Unknown command.
Casting: Scorch (safe; 1% risk of failure)
Confirm with . or Enter, or press ? or * to list all spells.
Flames lash the centaur.
The centaur is burned terribly!
You kill the centaur!
Vehumet accepts your kill.
Vehumet offers you knowledge of Dazzling Flash.
You hear a howl!
Aiming: Throw Flame
Press: ? - help, Shift-Dir - straight line, f - orc priest
Aim: an orc priest, wielding a +0 hand axe, wearing a +0 ring mail and carrying a wand of roots (8) (72% to hit)
The puff of flame misses the orc priest.
The orc priest zaps a wand.
The roots erupt in riotous growth!
The grasping roots grab you! The grasping roots constrict you.
You hear a howl!
You hear a shout!
You hear a bellow!
Aiming: Throw Flame
Press: ? - help, Shift-Dir - straight line, f/p - orc priest
Aim: an orc priest, wielding a +0 hand axe, wearing a +0 ring mail and carrying a wand of roots (7) (72% to hit)
The puff of flame hits the orc priest!
The orc priest is heavily wounded.
The grasping roots constrict you.
* * * LOW HITPOINT WARNING * * *
Aiming: Throw Flame
Press: ? - help, Shift-Dir - straight line, f/p - orc priest
Aim: an orc priest, wielding a +0 hand axe, wearing a +0 ring mail and carrying a wand of roots (7) (heavily wounded, 72% to hit)
The puff of flame hits the orc priest.
The orc priest is severely wounded.
The orc priest mumbles some strange prayers to Beogh against you.
Beogh smites you!
You die...

#####....# ###...#
##........# ##....#
##..##.....##########...###
...........##..........##
...)†.................##
###.#................##
,........#######.....#
.###.###..# * *#.....# *
#.# ##.. , #@....# .#. #..
#.....# , . #. #.. #.)...#
, * *, ... #o....# *
#......##### , .....)######
, ##..o......## *
#..........## . ,
*#.#.....))..#


You could see an orc priest.

Vanquished Creatures
  A hydra (D:8)
  A centaur warrior (D:8)
  A two-headed ogre (D:9)
  Joseph (D:7)
  Maggie (D:7)
  A troll (D:8)
  Grinder (D:6)
  A vampire (D:9)
  A wyvern (D:9)
  2 steam dragons
  An acid dragon (D:8)
  2 orc warriors
  An ice beast (D:8)
  2 sky beasts (D:7)
  A black bear (D:6)
  3 ogres
  2 phantoms (D:5)
  3 centaurs (D:8)
  3 kobold brigands
  3 bullfrogs
  2 necrophages
  A gnoll sergeant (D:8)
  7 scorpions
  A water moccasin zombie (D:5)
  11 wights (D:8)
  A killer bee (D:8)
  An electric eel (D:6)
  A howler monkey (D:9)
  Crazy Yiuf (D:4)
  A jelly (D:8)
  A hound (D:5)
  A bullfrog skeleton (D:5)
  An orc priest (D:8)
  2 centaur skeletons (D:5)
  6 iguanas
  4 orc wizards
  A howler monkey zombie (D:5)
  9 gnolls
  9 adders
  A shadow imp (D:6)
  5 dart slugs
  17 orcs
  12 ball pythons
  2 bat zombies (D:3)
  7 endoplasms
  3 giant cockroaches
  9 hobgoblins
  2 jackals (D:1)
  9 kobolds
  5 quokkas
  7 bats
  3 frilled lizards
  6 goblins
  3 rats
  2 rat zombies (D:3)
186 creatures vanquished.

Vanquished Creatures (others)
  137 foxfires
  A withered plant (D:5)
138 creatures vanquished.

Grand Total: 324 creatures vanquished

Notes
Turn   | Place    | Note
-------+----------+-------------------------------------------
     0 | D:1      | hikkokomori the Meteoran Fire Elementalist began the quest
                  | for the Orb.
     0 | D:1      | Reached XP level 1. HP: 14/14 MP: 5/5
    77 | D:1      | Reached XP level 2. HP: 20/20 MP: 4/6
    82 | D:1      | Learned a level 2 spell: Scorch
   235 | D:1      | Found a faded altar of an unknown god.
   288 | D:1      | Reached XP level 3. HP: 8/26 MP: 4/8
   565 | D:2      | Found a glowing golden altar of the Shining One.
   580 | D:2      | Reached skill level 1 in Fighting
   639 | D:2      | Reached XP level 4. HP: 31/35 MP: 6/9
   645 | D:2      | Identified a scroll of acquirement
   645 | D:2      | Acquired the amulet of Fuvuutof {Reflect rElec Will+ Dex+4
                  | SH+5}
  1028 | D:3      | Found an ancient bone altar of Kikubaaqudgha.
  1114 | D:3      | Reached XP level 5. HP: 41/41 MP: 7/11
  1299 | D:3      | Found Gotra's Jewellery Shop.
  1581 | D:4      | Reached XP level 6. HP: 51/51 MP: 6/12
  1700 | D:4      | Found a runed translucent door.
  1701 | D:4      | Noticed Crazy Yiuf
  1709 | D:4      | Killed Crazy Yiuf
  1745 | D:4      | Reached XP level 7. HP: 47/57 MP: 7/14
  1846 | D:4      | Acquired the +2 helmet of the Lily {Contam Rampage Dex+3
                  | SInv}
  1940 | D:4      | Reached skill level 5 in Fire Magic
  1961 | D:4      | Found a staircase to the Ecumenical Temple.
  1974 | Temple   | Entered the Ecumenical Temple
  1994 | Temple   | Became a worshipper of Vehumet
  2196 | D:5      | Entered Level 5 of the Dungeon
  2239 | D:5      | Identified the +8 chain mail "Oskomaong" {Fly rC++ Str+5
                  | SInv}
  2284 | D:5      | Learned a level 4 spell: Flame Wave
  2286 | D:5      | Found a white marble altar of Elyvilon.
  2326 | D:5      | Identified the +0 ring mail of Snakes and Ladders {Drain
                  | rN+++ Int+3}
  2391 | D:5      | Reached skill level 5 in Spellcasting
  2391 | D:5      | Reached XP level 8. HP: 66/66 MP: 9/16
  2433 | D:5      | Reached skill level 1 in Armour
  2433 | D:5      | Reached skill level 5 in Dodging
  2629 | D:5      | Identified the +1 long sword of Ashenzari's Regard {elec,
                  | Contam Fly Dex-4 Stlth+}
  2704 | D:5      | Reached skill level 5 in Fighting
  2704 | D:5      | Gained mutation: You passively map the area around you.
                  | [Meteoran growth]
  2704 | D:5      | Reached XP level 9. HP: 74/74 MP: 6/18
  2801 | D:6      | Identified the +9 dagger "Puibboch" {vorpal, rF+ Int+2}
  2882 | D:6      | Noticed Grinder
  2890 | D:6      | Killed Grinder
  2992 | D:6      | Reached * piety under Vehumet
  2992 | D:6      | Offered knowledge of Sandblast by Vehumet.
  2995 | D:6      | Learned a level 1 spell: Sandblast
  3111 | D:6      | Learned a level 4 spell: Passage of Golubria
  3470 | D:6      | Glimpsed the power of Zot.
  3509 | D:7      | Noticed Maggie
  3518 | D:7      | Killed Maggie
  3519 | D:7      | Reached skill level 5 in Conjurations
  3519 | D:7      | Reached skill level 1 in Translocations
  3582 | D:7      | Noticed Joseph
  3700 | D:7      | Reached XP level 10. HP: 83/83 MP: 18/21
  3892 | D:7      | Killed Joseph
  3920 | D:7      | Found a bloodstained altar of Trog.
  4032 | D:8      | Reached skill level 5 in Armour
  4059 | D:8      | Found an iron altar of Okawaru.
  4060 | D:8      | Found a hazy altar of Hepliaklqana.
  4061 | D:8      | Found a glowing silver altar of Zin.
  4061 | D:8      | Found a snail-covered altar of Cheibriados.
  4123 | D:8      | Reached ** piety under Vehumet
  4123 | D:8      | Offered knowledge of Poisonous Vapours by Vehumet.
  4137 | D:8      | Learned a level 2 spell: Static Discharge
  4180 | D:8      | Noticed a cyclops
  4186 | D:8      | Noticed a five-headed hydra
  4190 | D:8      | Noticed a cyclops
  4288 | D:9      | Found a snail-covered altar of Cheibriados.
  4291 | D:9      | Reached skill level 1 in Air Magic
  4306 | D:9      | Noticed a two-headed ogre
  4312 | D:9      | Killed a two-headed ogre
  4313 | D:9      | Reached XP level 11. HP: 84/91 MP: 14/23
  4381 | D:9      | Found a staircase to the Orcish Mines.
  4480 | D:8      | Identified the ring of the Commoners {*Corrode Str+4 Int+6
                  | Slay+3}
  4481 | D:8      | Identified the ring "Lytenip" {rPois rC+ rCorr}
  4481 | D:8      | Noticed a centaur warrior
  4659 | D:8      | Killed a five-headed hydra
  4731 | D:8      | Killed a centaur warrior
  4758 | D:8      | Offered knowledge of Dazzling Flash by Vehumet.
  4764 | D:8      | Killed from afar by an orc priest

Illustrated notes

Levels and vault maps discovered:
D:1:      tarquinn_simple_flora_water_d, layout_loops_ring,
          basic_ecumenical_altar
D:2:      layout_basic, serial_rivers, chequers_serial_rivers_micro_e,
          chequers_serial_rivers_micro_a, chequers_serial_rivers_room_b,
          chequers_serial_rivers_micro_e, chequers_serial_rivers_room_b,
          chequers_serial_rivers_small_3, basic_altar, minmay_tromino_v4_b
D:3:      minmay_chambers_of_twos, layout_rooms,
          lemuel_zombie_altar_kikubaaqudgha, serial_shops, nicolae_shop_trees,
          minmay_misc_feat_four_crosses, kennysheep_flooded_box
D:4:      layout_loops_ring, minitemple, temple_statues,
          serial_co_window_serial, co_window_paths_b, co_window_corner_a,
          co_window_of_opportunity_a, co_window_paths_a, co_window_corner_a,
          co_window_of_opportunity_c, co_window_corner_ca, co_window_broadway_b,
          co_window_4corner_b, co_window_paths_e, glass_columns_a,
          glass_columns_a, uniq_crazy_yiuf_cottage
D:5:      layout_basic, mainiacjoe_overflow_chevrons, serial_undead,
          serial_undead_b, serial_undead_b, serial_undead_d, serial_undead_e,
          serial_undead_c, minmay_quadrilaterals
D:6:      layout_basic, water_boxes_lemuel, uniq_grinder
D:7:      layout_gridville, bloody_trog, uniq_maggie, uniq_joseph
D:8:      minmay_the_grid_octo_tiled_octocenter [minmay_the_grid_octo_checkered,
          minmay_the_grid_octo_shrine, minmay_the_grid_octo_horde,
          minmay_the_grid_octo_odd_swirl,
          minmay_the_grid_octo_prize_ultimate_mussel_roller,
          minmay_the_grid_square_5x5_hourglass,
          minmay_the_grid_square_5x5_intrusive_squares,
          minmay_the_grid_square_5x5_n, minmay_the_grid_square_5x5_three],
          layout_rooms
D:9:      kennysheep_ambush_hall, layout_irregular_city, kennysheep_slug_shrine,
          ebering_ghost_inner_flame
Temple:   nicolae_temple_ecumenical_triangle

Skill      XL: |  1  2  3  4  5  6  7  8  9 10 11 |
---------------+----------------------------------+-----
Spellcasting   | 3 4 5 6 7 8 |  8.9
Fighting       | 1 3 4 5 6 7 |  7.9
Conjurations   | 2 3 5 6 7 |  7.6
Fire Magic     | 4 5 6 7 8 |  8.2
Dodging        | 3 4 5 6 7 |  7.5
Armour         | 2 4 5 7 |  7.1
Translocations | 1 4 |  4.1
Air Magic      | 1 4 |  4.2
Stealth        | |  1.6

Action                   |  1- 3 |  4- 6 |  7- 9 | 10-12 || total
-------------------------+-------+-------+-------+-------++-------
Melee: Unarmed           |    11 |       |       |       ||    11
       Dagger            |     9 |       |     8 |    30 ||    47
       Mace              |    24 |    48 |       |       ||    72
       Punch             |       |     1 |       |     1 ||     2
       Quarterstaff      |       |     2 |    31 |       ||    33
Throw: Javelin           |       |       |     1 |       ||     1
 Cast: Foxfire           |    37 |    53 |       |       ||    90
       Scorch            |       |     8 |   106 |   134 ||   248
       Flame Wave        |       |       |       |     1 ||     1
Evoke: Wand              |       |       |     1 |     6 ||     7
  Use: Scroll            |     6 |     1 |     1 |     6 ||    14
       Potion            |     3 |       |       |     1 ||     4
Armor: Robe              |    15 |     3 |       |       ||    18
       Leather armour    |       |    44 |    22 |     8 ||    74
       Chain mail        |       |       |       |    53 ||    53
Dodge: Dodged            |    44 |    49 |    40 |    77 ||   210
Block: Other             |       |    29 |    18 |    31 ||    78
       Reflection        |       |     1 |       |     6 ||     7

Table legend: (Time is in decaauts)
 A = Elapsed time spent in this place.
 B = Non-inter-level travel time spent in this place.
 C = Inter-level travel time spent in this place.
 D = Time resting spent in this place.
 E = Time spent auto-exploring this place.
 F = Levels seen in this place.
 G = Mean time per level.
                   A        B        C        D        E       F      G
               +--------+--------+--------+--------+--------+-----+--------+
         Total |   4824 |   4596 |    228 |      0 |    368 |  10 |  482.4 |
       Dungeon |   4796 |   4568 |    228 |      0 |    368 |   9 |  532.9 |
        Temple |     27 |     27 |      0 |      0 |      0 |   1 |   27.0 |
               +--------+--------+--------+--------+--------+-----+--------+

Top non-repeatable levels by time:
     D:6: 737 daAuts
     D:4: 628 daAuts
     D:7: 582 daAuts
     D:5: 573 daAuts
     D:1: 569 daAuts
     D:2: 551 daAuts
     D:3: 472 daAuts
     D:8: 442 daAuts
     D:9: 238 daAuts
  Temple: 27 daAuts
